 Dungeon Crawl Stone Soup version 0.31-a0-188-g5e087ee2ca (webtiles) character file.

Game seed: 15902428846106124595

42 qw the Shooter (level 3, -3/20 HPs)
             Began as a Deep Elf Hunter on June 22, 2023.
             Slain by Natasha (4 damage)
             ... on level 2 of the Dungeon.
             The game lasted 00:00:19 (786 turns).

qw the Shooter (Deep Elf Hunter)                     Turns: 786, Time: 00:00:20

Health: -3/20      AC:  4    Str: 10    XL:     3   Next: 35%
Magic:  5/5        EV: 12    Int: 13    God:
Gold:   86         SH:  0    Dex: 18    Spells: 2/2 levels left

rFire   . . .        Y - +0 shortbow
rCold   . . .        (shield currently unavailable)
rNeg    . . .        c - +0 leather armour
rPois   .            (helmet restricted)
rElec   .            (no cloak)
rCorr   .            (no gloves)
SInv    +            d - +0 pair of boots
Will    .....        (no amulet)
Stlth   ++           i - ring of see invisible
HPRegen 0.23/turn    (no ring)
MPRegen 0.09/turn

%: no passive effects
@: slowed, very slow
A: horns 1, MP-powered wands
a: no special abilities


You were on level 2 of the Dungeon.
You visited 1 branch of the dungeon, and saw 2 of its levels.

You collected 86 gold pieces.


Innate Abilities, Weirdness & Mutations

You have a pair of small horns on your head.
You expend magic power (3 MP) to strengthen your wands.


   Skills:
 - Level 1.5 Fighting
 + Level 6.9 Ranged Weapons
 - Level 2.4 Dodging
 - Level 1.2 Stealth


You had 2 spell levels left.
You didn't know any spells.
Your spell library was empty.

Inventory:

Hand Weapons
 Y - a +0 shortbow (weapon)
Armour
 c - a +0 leather armour (worn)
 d - a +0 pair of boots (worn)
Jewellery
 i - a ring of see invisible (left hand)
Potions
 e - 2 potions of mutation
 h - a potion of brilliance {unknown}
 j - a potion of might {unknown}
 l - a potion of haste {unknown}
 m - a potion of cancellation {unknown}

Dungeon Overview and Level Annotations

Branches:
Dungeon (2/15)

Altars:

Annotations:
D:2 Natasha


Message History

You shoot an arrow.
The arrow hits the adder but does no damage.
The adder is almost dead.
Natasha hisses angrily.
The bat hits you but does no damage. Natasha casts a spell at you.
The magic dart hits you! The adder closely misses you.
The adder barely misses you.
You shoot an arrow. The arrow closely misses the adder.
The bat barely misses you. The adder barely misses you.
You shoot an arrow. The arrow hits the adder!
You kill the adder!
The bat misses you.
Natasha casts a spell.
You shoot an arrow.
The arrow hits the bat but does no damage.
The bat hits you but does no damage.
Natasha growls.
Natasha casts a spell at you. The magic dart hits you!
You shoot an arrow. The arrow hits the bat.
You kill the bat!
You shoot an arrow. The arrow closely misses Natasha.
Natasha growls.
Natasha casts a spell at you. The magic dart hits you.
You shoot an arrow. The arrow hits Natasha.
Natasha is moderately wounded.
You shoot an arrow. The arrow barely misses Natasha.
The cerulean imp hits you from afar with a +0 spear.
Natasha casts a spell.
You shoot an arrow. The arrow closely misses Natasha.
The cerulean imp misses you.
Natasha stares at you and mumbles some strange words.
You feel yourself slow down.
You shoot an arrow. The arrow misses Natasha.
The arrow hits the cerulean imp.
The cerulean imp is lightly wounded.
The cerulean imp hits you but does no damage.
Natasha claws you.
You die...

###....... .
........... ..
.......... ...
.......... ....
#.........
.....##.........
.....5..%.......
.....5h@....[.##
..######<.......
#..##..##. #.##
.# #.# #.# #..
... ...


You could see Natasha and 2 cerulean imps.

Vanquished Creatures
  2 adders
  4 endoplasms (D:1)
  2 hobgoblins (D:1)
  A quokka (D:1)
  3 ball pythons (D:1)
  2 bats
  2 frilled lizards (D:1)
  2 goblins (D:1)
  3 kobolds (D:1)
  4 rats (D:1)
25 creatures vanquished.

Notes
Turn   | Place    | Note
-------+----------+-------------------------------------------
     0 | D:1      | qw the Deep Elf Hunter began the quest for the Orb.
     0 | D:1      | Reached XP level 1. HP: 12/12 MP: 3/3
     0 | D:1      | 0 ||| qw: Version: 0.3-a-9-g12657ce
     0 | D:1      | 0 ||| qw: Game counter: 3031
     0 | D:1      | 0 ||| qw: Always use a shield: true
     0 | D:1      | 0 ||| qw: God list: Okawaru
     0 | D:1      | 0 ||| qw: Allow faded altars: false
     0 | D:1      | 0 ||| qw: Do Orc after D:15 true
     0 | D:1      | 0 ||| qw: Do second Lair branch before Depths: true
     0 | D:1      | 0 ||| qw: Lair rune preference: random
     0 | D:1      | 0 ||| qw: Plans: Normal
     0 | D:1      | 0 ||| PLANNING D:1-11
    53 | D:1      | Found a faded altar of an unknown god.
   146 | D:1      | Reached skill level 6 in Ranged Weapons
   146 | D:1      | Reached XP level 2. HP: 7/16 MP: 4/4
   630 | D:1      | 630 ||| UPGRADING to +0 pair of boots.
   635 | D:1      | 635 ||| UPGRADING to ring of see invisible.
   636 | D:1      | 636 ||| READING scroll labelled NYRORH DUOTEAPT.
   637 | D:1      | 637 ||| READING scroll labelled ROKOOV ZIFEA.
   638 | D:1      | 638 ||| READING scroll labelled PODADGHONAR.
   639 | D:1      | 639 ||| DRINKING 3 murky black potions.
   639 | D:1      | Gained mutation: You have a pair of small horns on your
                  | head. [potion of mutation]
   639 | D:1      | Gained mutation: You expend magic power (3 MP) to
                  | strengthen your wands. [potion of mutation]
   640 | D:1      | 640 ||| DROPPING scroll of butterflies.
   680 | D:2      | 680 ||| STAIRDANCE
   683 | D:1      | Reached XP level 3. HP: 9/20 MP: 5/5
   683 | D:1      | HP: 5/20 [frilled lizard (3)]
   684 | D:1      | HP: 1/20 [poisoned by an adder]
   770 | D:2      | Noticed Natasha
   782 | D:2      | HP: 2/20 [Natasha/magic dart (4)]
   786 | D:2      | Slain by Natasha

Levels and vault maps discovered:
D:1:      ncdulo_wetmaze, layout_rooms, ebering_ecumenical_altar_hall,
          minmay_pentomino_w4
D:2:      layout_rooms, uniq_natasha, uniq_sigmund, uniq_robin

Skill      XL: |  1 |
---------------+----+-----
Ranged Weapons | 6 |  6.9
Fighting       | |  1.5
Dodging        | |  2.4
Stealth        | |  1.2

Action                     || total
---------------------------++-------
   Fire: Shortbow          ||    80
    Use: Scroll            ||     3
         Potion            ||     1
 Armour: Leather armour    ||    16
  Dodge: Dodged            ||    45

Table legend:
 A = Non-vault XP
 B = Vault XP
 C = Vault XP percentage of total XP
 D = Non-vault monster count
 E = Vault monster count
 F = Vault count percentage of total count
                 A         B        C        D         E       F
            +---------+---------+-------+---------+---------+-------
      Total |      51 |      10 |  16.4 |      18 |       7 |  28.0
            +---------+---------+-------+---------+---------+-------
        D:1 |      37 |      10 |  21.3 |      16 |       7 |  30.4
        D:2 |      14 |       0 |   0.0 |       2 |       0 |   0.0
            +---------+---------+-------+---------+---------+-------
